 Dungeon Crawl Stone Soup version 0.31-a0-4-gefa6de2278 (webtiles) character file.

Game seed: 3507079521308968971

9697 Lavandula the Dealer of Despair (level 11, 0/80 HPs)
             Began as a Mummy Venom Mage on May 4, 2023.
             Was an Elder of Kikubaaqudgha.
             Slain by a freezing wraith (8 damage)
             ... in an ice cave.
             The game lasted 00:35:17 (13696 turns).

Lavandula the Dealer of Despair (Mummy Venom Mage) Turns: 13696, Time: 00:35:17

Health: 0/80       AC:  8    Str: 19    XL:     11   Next: 26%
Magic:  7/21       EV: 11    Int: 18    God:    Kikubaaqudgha [****..]
Gold:   393        SH:  5    Dex: 12    Spells: 2/24 levels left

rFire   . . .        p - +3 quarterstaff (chaos)
rCold   + . .        (shield currently unavailable)
rNeg    + + +        n - +0 troll leather armour
rPois   ∞            (no helmet)
rElec   .            q - +0 cloak
rCorr   .            w - +0 pair of gloves
SInv    .            d - +1 pair of boots
Will    +....        a - amulet of reflection
Stlth   +            y - +6 ring of strength
HPRegen 1.13/turn    x - ring of protection from fire
MPRegen 0.17/turn

%: reflection, faith
@: slowed, very slow
A: cold resistance 1, negative energy resistance 3, torment resistance 2, heat
vulnerability 1, in touch with death 1, no potions, faith
a: Renounce Religion, Unearth Wretches


You were in an ice cave.
You worshipped Kikubaaqudgha.
Kikubaaqudgha was greatly pleased with you.
You visited 2 branches of the dungeon, and saw 12 of its levels.
You also visited: Ice Cave.

You collected 593 gold pieces.
You spent 200 gold pieces at shops.

Inventory:

Hand Weapons
 p - a +3 quarterstaff of chaos (weapon)
Missiles
 f - 12 poisoned darts
 t - 3 throwing nets
Armour
 d - a +1 pair of boots (worn)
 h - a +1 ring mail of fire resistance
 i - a +2 robe of willpower
 j - the +1 leather armour of the Harvest {rElec}
   (You found it on level 2 of the Dungeon)

   rElec:     It insulates you from electricity.
 n - a +0 troll leather armour (worn)
 q - a +0 cloak (worn)
 w - a +0 pair of gloves (worn)
Jewellery
 a - an amulet of reflection (around neck)
 x - a ring of protection from fire (right hand)
 y - a +6 ring of strength (left hand)
Wands
 l - a wand of charming (11)
 r - a wand of flame (1)
 A - a wand of mindburst (3)
Scrolls
 b - a scroll of vulnerability
 e - a scroll of brand weapon
 g - 2 scrolls of silence
 k - 3 scrolls of fear
 m - 3 scrolls of poison
 o - 2 scrolls of torment
 s - 2 scrolls of amnesia
 u - a scroll of magic mapping
 z - a scroll of identify


   Skills:
 - Level 5.5 Fighting
 - Level 7.1 Staves
 - Level 1.5 Dodging
 - Level 1.5 Stealth
 - Level 7.1 Spellcasting
 - Level 3.0 Hexes
 - Level 10.0 Necromancy
 - Level 0.7 Transmutations
 + Level 2.0 Earth Magic
 - Level 7.0 Poison Magic


You had 2 spell levels left.
You knew the following spells:

 Your Spells              Type           Power      Damage    Failure   Level
a - Sting                 Tmut/Pois      80%        1d7       2%          1
b - Poisonous Vapours     Pois/Air       36%        N/A       4%          2
c - Mephitic Cloud        Conj/Pois/Air  14%        N/A       14%         3
d - Olgreb's Toxic Radia  Pois           31%        N/A       7%          4
e - Vampiric Draining     Necr           59%        2d10      1%          3
f - Anguish               Hex/Necr       22%        N/A       9%          4
g - Borgnjor's Vile Clut  Necr/Erth      21%        N/A       30%         5

Your spell library contained the following spells:

 Spells                   Type           Power      Damage    Failure   Level
 Kiss of Death            Conj/Necr      100%       2d13      1%          1
 Necrotise                Necr           100%       1d9       1%          1
 Cigotuvi's Dreadful Rot  Necr/Pois/Air  80%        N/A       1%          2
 Ensorcelled Hibernation  Hex/Ice        22%        N/A       11%         2
 Blink                    Tloc           12%        N/A       19%         2
 Lesser Beckoning         Tloc           12%        N/A       19%         2
 Momentum Strike          Conj/Tloc      12%        3d8       19%         2
 Agony                    Necr           59%        N/A       6%          5
 Simulacrum               Ice/Necr       18%        N/A       94%         6
 Spider Form              Tmut/Pois      Unusable   N/A       N/A         3

Dungeon Overview and Level Annotations

Branches:
Dungeon (11/15)            Temple (1/1) D:5            Lair (0/5) D:11
    Orc (0/2) D:10          IceCv (1/1)

Altars:
Ashenzari
Dithmenos
Gozag
Hepliaklqana
Kikubaaqudgha
Makhleb
Okawaru
Qazlal
Ru
Sif Muna
Uskayaw
Xom
Yredelemnul

Shops:
D:7 *   D:8 *   D:10 (

Annotations:
D:3 3 runed translucent doors, glacial86's ghost, amateur HuDe
D:4 Menkaure


Innate Abilities, Weirdness & Mutations

You are immune to poison.
Your flesh is cold resistant. (rC+)
You are immune to negative energy. (rN+++)
You are immune to unholy pain and torment.
You are vulnerable to heat. (rF-)
You are in touch with the powers of death.
You do not drink.
You have a special connection with the divine. (Faith)


Message History

There are monsters nearby!
Okay, then.
Okay, then.
Okay, then.
Okay, then.
Okay, then.
There's nothing to open nearby.
Unknown command.
Okay, then.
Okay, then.
Unknown command.
Unknown command.
Aiming: Charm
Press: ? - help, Shift-Dir - straight line, f - freezing wraith, p - ice devil
Aim: a freezing wraith (chance to affect: 31%)
The freezing wraith easily resists.
The freezing wraith barely misses you. The freezing wraith hits you!
The freezing wraith drains your vigour!
You feel yourself slow down.
Aiming: Charm
Press: ? - help, Shift-Dir - straight line, f/p - freezing wraith
Aim: a freezing wraith (chance to affect: 31%)
The freezing wraith easily resists.
The freezing wraith hits you. The freezing wraith freezes you. You resist.
* * * LOW HITPOINT WARNING * * *
The freezing wraith hits you but does no damage.
Aiming: Charm
Press: ? - help, Shift-Dir - straight line, f/p - freezing wraith
Aim: a freezing wraith (chance to affect: 31%)
The freezing wraith easily resists.
You block the freezing wraith's attack. The freezing wraith hits you.
* * * LOW HITPOINT WARNING * * *
The freezing wraith drains your vigour!
You feel as though you will be slow longer.
You block the ice devil's attack. The freezing wraith hits you.
* * * LOW HITPOINT WARNING * * *
The freezing wraith freezes you. You resist.
* * * LOW HITPOINT WARNING * * *
The freezing wraith hits you!
You die...
Kikubaaqudgha rasps: "You have failed me!
Welcome... oblivion!"

##...# #...##
#...## ##...##
##...# ##..# ##..##
#..## ####.@####
##.#..4W#.##
##..........##
#............##
#.............####
##...............##
##........###....##
####...### ###...#
## ##### ##..# ##.


You could see an ice devil (poisoned) and a freezing wraith.

Vanquished Creatures
  An orc knight (D:10)
  Joseph (D:7)
  An unseen horror zombie (D:8)
  2 trolls
  A hornet (D:9)
  Sigmund (D:2)
  12 yaks
  A vampire (D:9)
  A wraith (D:11)
  A steam dragon (D:8)
  2 vampire mosquitoes (D:10)
  2 death yak simulacra (IceCv)
  A hydra simulacrum (IceCv)
  Duvessa (D:7)
  4 ice beasts
  5 orc warriors
  A sky beast (D:8)
  2 black bears (D:7)
  A wolf (D:10)
  3 centaurs
  A phantom (D:5)
  3 kobold brigands
  4 bullfrogs
  A gnoll sergeant (D:9)
  A cane toad simulacrum (IceCv)
  2 necrophages (D:8)
  A wyvern zombie (D:8)
  7 wights
  Dowan (D:7)
  An elephant simulacrum (IceCv)
  3 howler monkeys (D:8)
  2 centaur zombies (D:8)
  4 hounds
  A jelly (D:7)
  Crazy Yiuf (D:4)
  A human zombie (D:8)
  7 orc priests
  3 gnoll boudas
  Ijyb (D:5)
  12 orc wizards
  5 iguanas
  2 polar bear simulacra (IceCv)
  A spriggan simulacrum (IceCv)
  A killer bee zombie (D:8)
  A howler monkey zombie (D:8)
  26 gnolls
  8 adders
  4 white imps
  An ufetubus (IceCv)
  A dart slug (D:1)
  42 orcs
  16 ball pythons
  7 bats
  10 endoplasms
  3 giant cockroaches
  10 goblins
  6 hobgoblins
  2 jackals (D:2)
  2 quokkas
  A frilled lizard (D:1)
  16 kobolds
  4 rats
270 creatures vanquished.

Vanquished Creatures (collateral kills)
  A polar bear simulacrum (IceCv)
1 creature vanquished.

Vanquished Creatures (others)
  A rime drake (D:11)
  2 vampire mosquitoes (D:10)
  An ice beast (D:11)
  A cane toad simulacrum (IceCv)
  An elephant simulacrum (IceCv)
6 creatures vanquished.

Grand Total: 277 creatures vanquished

Notes
Turn   | Place    | Note
-------+----------+-------------------------------------------
     0 | D:1      | Lavandula the Mummy Venom Mage began the quest for the Orb.
     0 | D:1      | Reached XP level 1. HP: 13/13 MP: 4/4
   102 | D:1      | Reached XP level 2. HP: 19/19 MP: 0/5
   636 | D:1      | Gained mutation: You are in touch with the powers of death.
                  | [Mummy growth]
   636 | D:1      | Reached XP level 3. HP: 24/24 MP: 4/7
   991 | D:2      | Noticed Sigmund
  1040 | D:1      | Learned a level 2 spell: Poisonous Vapours
  1044 | D:1      | Learned a level 3 spell: Mephitic Cloud
  1596 | D:2      | Reached XP level 4. HP: 29/30 MP: 3/9
  1611 | D:2      | Learned a level 4 spell: Olgreb's Toxic Radiance
  1915 | D:2      | Killed Sigmund
  1916 | D:2      | Reached skill level 5 in Poison Magic
  1916 | D:2      | Reached XP level 5. HP: 20/35 MP: 1/10
  1916 | D:2      | Reached XP level 6. HP: 24/41 MP: 1/11
  2236 | D:2      | Identified the +1 leather armour of the Harvest {rElec}
  2380 | D:2      | Found a faded altar of an unknown god.
  3086 | D:3      | Found a runed translucent gate.
  3087 | D:3      | Found a runed translucent gate.
  3089 | D:3      | Found a runed translucent gate.
  3089 | D:3      | Noticed glacial86's ghost (amateur HuDe)
  3999 | D:4      | Noticed Menkaure
  4509 | D:4      | Found a runed translucent door.
  4510 | D:4      | Noticed Crazy Yiuf
  4531 | D:4      | Killed Crazy Yiuf
  4661 | D:4      | Reached skill level 1 in Staves
  4661 | D:4      | Reached XP level 7. HP: 31/46 MP: 12/12
  4920 | D:5      | Entered Level 5 of the Dungeon
  5009 | D:5      | Found a staircase to the Ecumenical Temple.
  5027 | Temple   | Entered the Ecumenical Temple
  5223 | Temple   | Became a worshipper of Kikubaaqudgha
  5856 | D:5      | Noticed Ijyb
  6047 | D:5      | Reached XP level 8. HP: 50/52 MP: 13/13
  6149 | D:5      | Killed Ijyb
  6761 | D:6      | Reached * piety under Kikubaaqudgha
  6761 | D:6      | Received a gift from Kikubaaqudgha
  6762 | D:6      | Reached skill level 5 in Staves
  6766 | D:6      | Learned a level 3 spell: Vampiric Draining
  8477 | D:7      | Reached XP level 9. HP: 52/57 MP: 5/14
  8546 | D:7      | Found Fiphoimn's Assorted Antiques.
  8554 | D:7      | Bought an ivory wand for 116 gold pieces
  8589 | D:7      | Reached ** piety under Kikubaaqudgha
  8638 | D:7      | Noticed Duvessa
  8638 | D:7      | Noticed Dowan
  8644 | D:7      | Killed Dowan
  8652 | D:7      | Killed Duvessa
  8653 | D:7      | Reached skill level 5 in Spellcasting
  8919 | D:7      | Noticed Joseph
  9051 | D:7      | Killed Joseph
  9058 | D:7      | Learned a level 4 spell: Anguish
  9269 | D:7      | Reached skill level 1 in Necromancy
  9419 | D:7      | Reached skill level 2 in Necromancy
  9567 | D:8      | Reached skill level 3 in Necromancy
  9737 | D:8      | Reached *** piety under Kikubaaqudgha
  9737 | D:8      | Received a gift from Kikubaaqudgha
  9744 | D:8      | Reached skill level 4 in Necromancy
  9892 | D:8      | Reached skill level 5 in Necromancy
  9898 | D:8      | Learned a level 5 spell: Borgnjor's Vile Clutch
 10208 | D:8      | Reached skill level 6 in Necromancy
 10349 | D:8      | Found Kuvogie's Neck Hole.
 10562 | D:8      | Reached XP level 10. HP: 47/63 MP: 20/20
 10709 | D:8      | Reached skill level 7 in Necromancy
 10990 | D:8      | Found a basalt altar of Yredelemnul.
 11182 | D:9      | Found a shimmering altar of Xom.
 11314 | D:9      | Reached skill level 8 in Necromancy
 11625 | D:9      | Found a sacrificial altar of Ru.
 11674 | D:9      | Reached **** piety under Kikubaaqudgha
 11886 | D:9      | Found a shadowy altar of Dithmenos.
 11912 | D:9      | Reached skill level 9 in Necromancy
 11939 | D:9      | Reached skill level 10 in Necromancy
 12199 | D:9      | Reached skill level 1 in Hexes
 12379 | D:10     | Entered Level 10 of the Dungeon
 12426 | D:10     | Reached skill level 1 in Fighting
 12562 | D:10     | Noticed an orc knight
 12705 | D:10     | Killed an orc knight
 12706 | D:10     | Reached XP level 11. HP: 37/75 MP: 14/21
 12905 | D:10     | Found a staircase to the Orcish Mines.
 12907 | D:10     | Found Xonaosse's Weapon Shoppe.
 12931 | D:10     | Bought 2 throwing nets for 84 gold pieces
 13391 | D:11     | Reached skill level 5 in Fighting
 13453 | D:11     | Found a frozen archway.
 13457 | IceCv    | Entered an ice cave
 13487 | IceCv    | Reached skill level 1 in Earth Magic
 13696 | IceCv    | Slain by a freezing wraith

Illustrated notes

Levels and vault maps discovered:
D:1:      dpeg_arrival_rooms_b, layout_rooms, serial_bayou_ford_a
D:2:      layout_loops_ring, hellmonk_ecumenical_altar_defaced_shrine,
          eino_curves_03, uniq_sigmund
D:3:      layout_basic, gammafunk_ghost_split
D:4:      cheibrodos_quashed, layout_basic, serial_rivers,
          chequers_serial_rivers_small_3, chequers_serial_rivers_small_a,
          chequers_serial_rivers_room_a, chequers_serial_rivers_large_b,
          chequers_serial_rivers_small_b, chequers_serial_rivers_room_b,
          uniq_crazy_yiuf_cottage, uniq_menkaure
D:5:      nicolae_cairo_tiling_large_dashed, layout_basic,
          minmay_temple_entry_proselytizer, uniq_ijyb
D:6:      layout_basic, chequers_serial_rivers_micro_a
D:7:      layout_basic, serial_shops, shop, hangedman_decor_points,
          uniq_duvessa, uniq_joseph
D:8:      layout_cave_pools, lemuel_mausoleum_altar_yredelemnul,
          nicolae_shop_sticking_my_neck_out
D:9:      layout_stronghold, mainiacjoe_overflow_concentric_impassable,
          mainiacjoe_overflow_brackets, general_overflow_altar
D:10:     layout_rooms, orc_david_3, amethyst_killhole
D:11:     layout_stronghold, hellmonk_lair_entry_icy,
          portal_ice_cave_entry_pillars_2, serial_shops,
          nicolae_shop_window_shopping, nicolae_shop_gaudy_bauble,
          dk_vineyard_1, ebering_dispersal_statue_hall
Temple:   regret_index_temple_chain_breaker
IceCv:    ice_cave_small_necro

Skill      XL: |  1  2  3  4  5  6  7  8  9 10 11 |
---------------+----------------------------------+-----
Poison Magic   | 3 5 6 7 |  7.0
Spellcasting   | 3 7 |  7.1
Staves         | 1 4 7 |  7.1
Necromancy     | 6 10 | 10.0
Hexes          | 3 |  3.0
Fighting       | 3 5 |  5.5
Earth Magic    | 2 |  2.0
Dodging        | |  1.5
Stealth        | |  1.5
Transmutations | |  0.7

Action                     |  1- 3 |  4- 6 |  7- 9 | 10-12 || total
---------------------------+-------+-------+-------+-------++-------
  Melee: Unarmed           |    19 |       |       |       ||    19
         Short sword       |    36 |     3 |       |       ||    39
         Spear             |       |    53 |       |       ||    53
         Quarterstaff      |       |    16 |   223 |   214 ||   453
         Broad axe         |       |     7 |       |       ||     7
         Punch             |       |     1 |       |       ||     1
   Cast: Sting             |    69 |    45 |     2 |       ||   116
         Poisonous Vapours |     5 |     5 |     1 |       ||    11
         Olgreb's Toxic Ra |       |    11 |    60 |    34 ||   105
         Mephitic Cloud    |       |     1 |     8 |     9 ||    18
         Borgnjor's Vile C |       |       |       |     2 ||     2
         Anguish           |       |       |       |     2 ||     2
  Evoke: Wand              |       |       |    13 |    31 ||    44
    Use: Scroll            |       |     4 |     9 |     3 ||    16
   Stab: Confused          |       |       |     2 |     2 ||     4
         Sleeping          |       |       |       |     3 ||     3
 Armour: Robe              |    20 |    27 |    70 |    34 ||   151
         Troll leather arm |       |       |       |    28 ||    28
  Dodge: Dodged            |    63 |    78 |   148 |   141 ||   430
  Block: Other             |       |       |       |    23 ||    23
         Reflection        |       |       |       |     1 ||     1

Table legend: (Time is in decaauts)
 A = Elapsed time spent in this place.
 B = Non-inter-level travel time spent in this place.
 C = Inter-level travel time spent in this place.
 D = Time resting spent in this place.
 E = Time spent auto-exploring this place.
 F = Levels seen in this place.
 G = Mean time per level.
                   A        B        C        D        E       F      G
               +--------+--------+--------+--------+--------+-----+--------+
         Total |  13749 |  13278 |    471 |   2202 |   8624 |  13 | 1057.6 |
       Dungeon |  13295 |  12844 |    451 |   2164 |   8390 |  11 | 1208.6 |
        Temple |    216 |    196 |     20 |      0 |    177 |   1 |  216.0 |
      Ice Cave |    237 |    237 |      0 |     37 |     57 |   1 |  237.0 |
               +--------+--------+--------+--------+--------+-----+--------+

Top non-repeatable levels by time:
     D:8: 1557 daAuts
     D:5: 1545 daAuts
     D:7: 1513 daAuts
     D:2: 1501 daAuts
     D:4: 1376 daAuts
     D:9: 1361 daAuts
     D:6: 1219 daAuts
     D:1: 1127 daAuts
     D:3: 1111 daAuts
    D:10: 894 daAuts
   IceCv: 237 daAuts
  Temple: 216 daAuts
    D:11: 86 daAuts
